[Event "Early-Titled-Tuesday-Blitz-January-23-2024"]
[Site "Chess.com"]
[Date "2024.01.23"]
[Round "4"]
[White "karinachess1"]
[Black "Smile2005"]
[Result "1-0"]
[WhiteElo "2609"]
[BlackElo "2387"]
[TimeControl "180+1"]
[EndTime "8:39:38 PST"]
[Termination "karinachess1 won by checkmate"]

1. d4 Nf6 2. c4 e6 3. Nc3 Bb4 4. a3 Be7 5. e4 d5 6. e5 Nfd7 7.
cxd5 exd5 8. Nxd5 O-O 9. Nf3 Re8 10. Bc4 b5 11. Nxe7+ Rxe7 12. Bxb5 Bb7 13. O-O f6 14. Bc4+ Kh8 15. exf6 Nxf6 16. Ne5 Qe8 17. Bg5 Nbd7 18. f4 Rd8 19. Qb3 Nxe5 20. dxe5 Qc6 21. Rf2 Ne4 22.
Bxe7 Nxf2 23. Qf3 Qxf3 24. gxf3 Rd2 25. Bc5 Nh3+ 26. Kf1 Bxf3 27. e6 Rxh2 28. Ke1 Nxf4 29. e7 Bh5 30. Rc1 Rh1+ 31. Kd2 Rh2+ 32. Kc3 Ne2+ 33.
Bxe2 Rxe2 34. Rf1 g6 35. Rf8+ Kg7 36. Rc8 g5 37. Rxc7 Kh6 38. Rc6+ Bg6 39. Rc7 Kh5 40. Bxa7 g4 41. Bc5 g3 42. a4 g2 43. a5 Rc2+ 44. Kb4 Rxc5 45. Rxc5+ Kg4 46. Rc1 Kf3 47. a6 Kf2 48. a7 g1=Q 49. Rxg1 Kxg1 50. a8=Q h5 51.
e8=Q Bxe8 52. Qxe8 h4 53. Qh5 h3 54. Qxh3 Kf2 55.
Qc3 Kg1 56. Kc4 Kf1 57. b4 Kg1 58. b5 Kh2 59. Qf3 Kg1 60. Qe2 Kh1 61. Kd3 Kg1 62. Ke3 Kh1 63. Kf3 Kg1 64. Qg2# 1-0

[Event "Early-Titled-Tuesday-Blitz-January-23-2024"]
[Site "Chess.com"]
[Date "2024.01.23"]
[Round "4"]
[White "NM_Antelacus"]
[Black "ErikRonka"]
[Result "0-1"]
[WhiteElo "2177"]
[BlackElo "2487"]
[TimeControl "180+1"]
[EndTime "8:39:39 PST"]
[Termination "ErikRonka won on time"]

1. e4 e5 2. Nf3 Nf6 3. Nxe5 d6 4. Nf3 Nxe4 5. d4 d5 6. Bd3 Nc6 7. O-O Be7 8. c4 Nb4 9. Be2 O-O 10. a3 Nc6 11. Nc3 Nxc3 12. bxc3 dxc4 13. Bxc4 Bf5 14. Bf4 Bd6 15. Qd2 Bg6 16. Rfe1 Bh5 17. Be2 Re8 18.
a4 Ne7 19. Ne5 Bxe2 20. Rxe2 Ng6 21. Nxg6 Rxe2 22. Qxe2 hxg6 23. Bxd6 Qxd6 24. Re1 Kf8 25. Qb5 b6 26. h3 Rd8 27. a5 Qd7 28. Qxd7 Rxd7 29. axb6 cxb6 30. Ra1 Ke7 31. Kf1 Kd6 32. Ke2 a5 33. Kd3 Re7 34. Rb1 Kc6 35. c4 Re8 36. Ra1 Ra8 37. Ra4 b5 38. cxb5+ Kxb5 39. Ra1 a4 40. Rb1+ Kc6 41. Rc1+ Kd5 42. Rc5+ Kd6 43.
Rc2 a3 44. Ra2 Kd5 45. Kc3 f5 46. Kd3 g5 47. Kc3 f4 48. Kd3 Ra4 49. Kc3 Rc4+ 50.
Kb3 Rxd4 51. Kxa3 Ke4 52. Kb3 Kd3 53. Ra7 Ke2 54. Rxg7 Rd5 55. f3 Kf2 56. Kc4 Rf5 57. Kd4 Kxg2 58. Ke4 Rf8 59. Rh7 Re8+ 60. Kf5 Kxf3 61.
Kxg5 Kg3 62. Rf7 f3 63. h4 f2 0-1

[Event "Early-Titled-Tuesday-Blitz-January-23-2024"]
[Site "Chess.com"]
[Date "2024.01.23"]
[Round "4"]
[White "Kotlyar_K"]
[Black "Ezov"]
[Result "1-0"]
[WhiteElo "2505"]
[BlackElo "2224"]
[TimeControl "180+1"]
[EndTime "8:39:40 PST"]
[Termination "Kotlyar_K won by resignation"]

1. e4 e6 2. Nf3 d5 3. Nc3 Nf6 4. e5 Nfd7 5. d4 b6 6. Ng5 Be7 7. Qh5 g6 8. Qg4 h5 9. Qg3 h4 10. Qg4 Rh5 11. Nxe6 Nxe5 12. Qe2 Bxe6 13. dxe5 Nd7 14.
Bf4 Bg5 15. Bxg5 Qxg5 16. Nb5 Qxe5 17. O-O-O Qxe2 18. Bxe2 O-O-O 19. Bxh5 gxh5 20. Nxa7+ Kb7 21. Nb5 Nc5 22. Nd4 Ne4 23. Nxe6 fxe6 24. Rhf1 Rg8 25. g3 hxg3 26. fxg3 Nc5 27. Rf6 h4 28. Rf3 hxg3 29. hxg3 Ne4 30. Rg1 Kc6 31. g4 Kd6 32. c3 Ke5 33. Kc2 c5 34. b3 Ng5 35. Rf2 Ne4 36. Rh2 Rg5 37. Rh5 Kf4 38. Rh6 Rxg4 39. Rxg4+ Kxg4 40. Rxe6 b5 41. Rb6 b4 42. cxb4 cxb4 43. Rxb4 Kf5 44. Kd3 Nc5+ 45. Kd4 Ne6+ 46. Kxd5 Nc7+ 47. Kc6 Ne6 48. Rc4 Ke5 49. a4 Nd8+ 50.
Kd7 Nf7 51. a5 Nd6 52. Rb4 Nf5 53. a6 Ne3 54. a7 Nd5 55. Rb5 Kd4 56. Rxd5+ Kxd5 57. a8=Q+ Kd4 58. Qa4+ 1-0

[Event "Early-Titled-Tuesday-Blitz-January-23-2024"]
[Site "Chess.com"]
[Date "2024.01.23"]
[Round "4"]
[White "jraosam"]
[Black "Schachmalanders"]
[Result "1-0"]
[WhiteElo "1939"]
[BlackElo "2450"]
[TimeControl "180+1"]
[EndTime "8:39:41 PST"]
[Termination "jraosam won by checkmate"]

1. Nf3 b6 2. e3 Bb7 3. Be2 Nf6 4.
O-O c5 5. b3 e6 6. Bb2 Be7 7. c4 O-O 8. d4 d5 9. cxd5 Nxd5 10.
Nc3 Nd7 11. Nxd5 Bxd5 12. Qd2 Nf6 13. Rfd1 Rc8 14. Rac1 Qd7 15. Ne5 Qb7 16. Bf3 Bxf3 17. Nxf3 Rfd8 18. Qe1 cxd4 19. Bxd4 Ne4 20. Rxc8 Rxc8 21.
Rc1 Ba3 22. Rxc8+ Qxc8 23. Qb1 Qc1+ 24. Qxc1 Bxc1 25. Kf1 f6 26. Ke2 e5 27. Ba1 Ba3 28.
Nd2 Nd6 29. Kd3 Kf7 30. Nc4 Nxc4 31. Kxc4 Ke6 32. Bc3 Bd6 33. e4 g6 34. Kb5 f5 35.
f3 Kd7 36. Ka6 Kc6 37. Kxa7 b5 38. Ka6 b4 39. Bb2 Bc7 40. Bc1 Kc5 41. Be3+ Kc6 42.
Bd2 Kc5 43. Kb7 Bd8 44. Kc8 Bh4 45. Be3+ Kb5 46. Kd7 Be1 47. Ke6 fxe4 48. fxe4 Bc3 49. Ba7 Bd4 50. Bb8 Kc6 51. Bxe5 Bg1 52. h3 Bf2 53. Bb2 Bg3 54. Kf7 Kd6 55. Bd4 Be5 56. Ba7 Kc6 57. Ke6 Bc3 58. Be3 Bb2 59. g4 h5 60. Kf7 hxg4 61. hxg4 Kd6 62. Bf4+ Be5 63. Bxe5+ Kxe5 64. Kxg6 Kxe4 65. g5 Kd3 66. Kh6 Kc3 67.
g6 Kb2 68. g7 Kxa2 69. g8=Q Ka3 70. Qc4 Kb2 71. Qxb4 Kb1 72. Qb7 Ka1 73. b4 Kb1 74. b5 Ka1 75. b6 Kb1 76. Qc6 Ka1 77.
Qb5 Ka2 78. b7 Ka1 79. b8=Q Ka2 80. Qa8# 1-0

[Event "Early-Titled-Tuesday-Blitz-January-23-2024"]
[Site "Chess.com"]
[Date "2024.01.23"]
[Round "4"]
[White "Rud_Makarian"]
[Black "vladislavkovalev"]
[Result "1/2-1/2"]
[WhiteElo "3012"]
[BlackElo "2851"]
[TimeControl "180+1"]
[EndTime "8:39:42 PST"]
[Termination "Game drawn - insufficient material"]

1. c4 g6 2. Nc3 Bg7 3. d4 d6 4.
Nf3 Nd7 5. e4 e5 6. Be2 Ne7 7. O-O O-O 8. dxe5 Nxe5 9. Nxe5 dxe5 10. Qxd8 Rxd8 11. Nd5 Rd7 12. Bg5 Nc6 13. Bg4 Rd6 14. c5 Bxg4 15. cxd6 cxd6 16. f3 Be6 17. Nc7 Rc8 18. Nxe6 fxe6 19. Rac1 a6 20. Rfd1 Bf8 21. Be3 Kf7 22. Kf2 Be7 23. Rc3 Rd8 24. Rcd3 Rc8 25. a3 Na5 26. Rc1 Nc6 27. b4 Rd8 28. Rcd1 Ra8 29. g3 Ke8 30. h4 h5 31. Bg5 Bf8 32.
f4 Rc8 33. Rc1 Kd7 34. Rdd1 Ra8 35. Bf6 Ke8 36. fxe5 dxe5 37. Bg5 Be7 38. Bxe7 Kxe7 39. Ke3 a5 40. b5 Nd4 41. Rc7+ Kd6 42. Rxb7 Rc8 43.
Rxd4+ exd4+ 44. Kxd4 e5+ 45. Kd3 Kc5 46. Rg7 Rd8+ 47.
Ke3 Kxb5 48. Rxg6 Ka4 49. Re6 Kxa3 50. Rxe5 a4 51. Rxh5 Ra8 52. Rb5 Ka2 53. g4 a3 54.
h5 Ka1 55. Kf4 a2 56. g5 Rf8+ 57. Ke3 Rf3+ 58. Kd4 Rh3 59. Ra5 Rxh5 60. e5 Rxg5 61.
Kd5 Rxe5+ 62. Kxe5 Kb2 63. Rxa2+ Kxa2 1/2-1/2

[Event "Early-Titled-Tuesday-Blitz-January-23-2024"]
[Site "Chess.com"]
[Date "2024.01.23"]
[Round "4"]
[White "aghasiyevkamal"]
[Black "giomar27"]
[Result "0-1"]
[WhiteElo "2631"]
[BlackElo "2416"]
[TimeControl "180+1"]
[EndTime "8:39:42 PST"]
[Termination "giomar27 won by resignation"]

1. e4 g6 2. d4 Bg7 3. Nc3 a6 4. Be3 b5 5. h3 d6 6. Bd3 Nd7 7.
Nf3 Bb7 8. Ne2 c5 9. c3 e6 10.
O-O Ne7 11. a4 c4 12. Bc2 O-O 13. Qc1 Nf6 14. Ng3 d5 15. e5 Ne4 16. Nxe4 dxe4 17. Ng5 Nf5 18. Nxe4 Qd5 19. f3 b4 20. Bg5 b3 21.
Bb1 Nxd4 22. cxd4 Qxd4+ 23. Be3 Qxe5 24. f4 Qxb2 25. Qxc4 Qxa1 26. Qxb3 Qb2 27. Qxb2 Bxb2 28. Nc5 Bd5 29. Bd3 a5 30. Bb5 Rfc8 31. Rf2 Bc3 32. Kh2 Bb4 33. Nd7 Rc3 34. Nf6+ Kf8 35. Bd4 Rc1 36.
Nxh7+ Ke7 37. Bf6+ Kd6 38. Ng5 Ra7 39. Bd4 Bc5 40.
Rd2 Bxd4 41. Rxd4 Rc2 42. Ne4+ Ke7 43. Bf1 Rac7 44. Nd2 Ra2 45. h4 Rcc2 46. Nc4 Bxg2 47. Bxg2 Rxg2+ 48. Kh3 f5 49. Ne5 Rgd2 50. Rxd2 Rxd2 51.
Nc6+ Kf6 52. Nxa5 Rd4 53. Kg3 Rxa4 54. Nc6 Ra3+ 55. Kg2 Ra4 56. Kg3 Kg7 57. Nd8 Re4 58. Nc6 Kh6 59. Ne5 Kh5 60. Kf3 Ra4 61. Ke3 Ra3+ 62.
Kd4 Ra4+ 63. Ke3 Re4+ 64. Kf3 Rxe5 65. fxe5 Kxh4 66. Ke3 Kg5 67. Kd4 Kg4 68. Kc5 f4 69. Kd6 f3 70. Kxe6 f2 71. Kd7 f1=Q 72. e6 Qe2 73. e7 Kf5 74. e8=Q Qxe8+ 75. Kxe8 g5 0-1

[Event "Early-Titled-Tuesday-Blitz-January-23-2024"]
[Site "Chess.com"]
[Date "2024.01.23"]
[Round "4"]
[White "Indianlad"]
[Black "Onischuk_V"]
[Result "1-0"]
[WhiteElo "2991"]
[BlackElo "2808"]
[TimeControl "180+1"]
[EndTime "8:39:43 PST"]
[Termination "Indianlad won on time"]

1. f4 g6 2. Nf3 Bg7 3. g3 Nf6 4. Bg2 O-O 5. O-O d6 6. d3 d5 7. c3 c5 8. a4 Nc6 9. Na3 a6 10. Nc2 Qc7 11. Kh1 Bg4 12. Ne3 Bxf3 13. Bxf3 Rad8 14. Bg2 e5 15. fxe5 Nxe5 16. Rxf6 Bxf6 17. Nxd5 Qd6 18. Bf4 Qe6 19. e4 Bg7 20. Qe2 Nc6 21. Qf2 c4 22. d4 Ne7 23. Nxe7+ Qxe7 24. Rf1 Qd7 25. a5 Qb5 26. Bc7 Rd7 27. Bb6 Re8 28. e5 Rde7 29. h4 Qd7 30. Bc5 Qb5 31. Bxe7 Rxe7 32. h5 Qxa5 33. Qf4 Qc7 34. h6 Bf8 35. Re1 b5 36. d5 Qd7 37. d6 Re8 38. Rf1 Qe6 39.
Kh2 f5 40. exf6 Kf7 41. Rd1 Qe2 42. Rd5 Rd8 43. d7 Qe6 44. Qc7 Qxf6 45. Rd1 Kg8 46. Rf1 Qg5 47. Bh3 Qd2+ 48. Kg1 Qg5 49. Kh2 Qd2+ 50.
Kg1 Qg5 51. Rd1 Qc5+ 52. Qxc5 Bxc5+ 53. Kg2 Kf7 54. Ra1 Be3 55. Rxa6 Bxh6 56. Rb6 Bf8 57. Rxb5 h5 58. Rb6 g5 59. Bf5 1-0

[Event "Early-Titled-Tuesday-Blitz-January-23-2024"]
[Site "Chess.com"]
[Date "2024.01.23"]
[Round "4"]
[White "RantomOpening"]
[Black "Nechitaylo_Nikita"]
[Result "1-0"]
[WhiteElo "2524"]
[BlackElo "2315"]
[TimeControl "180+1"]
[EndTime "8:39:43 PST"]
[Termination "RantomOpening won by checkmate"]

1. e4 c5 2. c3 Nf6 3. e5 Nd5 4.
d4 d6 5. Nf3 cxd4 6. cxd4 e6 7.
Bc4 Bd7 8. Bxd5 exd5 9. Nc3 dxe5 10. dxe5 Be6 11. O-O Bc5 12. Bg5 Qd7 13. Rc1 Bb6 14. Qd2 O-O 15. Rfd1 h6 16. Bxh6 gxh6 17. Qxh6 f6 18.
exf6 Qh7 19. Qxh7+ Kxh7 20. Ng5+ Kg8 21. Nxe6 Rxf6 22.
Nd4 Nc6 23. Nxd5 Bxd4 24. Rxd4 Nxd4 25. Nxf6+ Kf7 26. Rd1 Rd8 27. Ne4 Ne2+ 28. Kf1 Rxd1+ 29. Kxe2 Ra1 30. Nc3 b5 31. a3 a5 32. Nxb5 Ra2 33.
Nd6+ Ke6 34. Nc4 Kd5 35. Kd3 a4 36. Ne3+ Ke5 37. Kc2 Ra1 38. Nd1 Kd4 39. h4 Ke5 40. g4 Kf4 41. h5 Kg5 42. f4+ Kh6 43. f5 Kg5 44. Kd2 Rb1 45. Ke1 Rc1 46. Ke2 Rc5 47.
Nf2 Re5+ 48. Kf3 Rc5 49. Ne4+ Kh6 50. Nxc5 Kg5 51. Ne4+ Kh6 52. g5+ Kxh5 53. g6 Kh6 54. Kf4 Kg7 55. Kg5 Kf8 56. f6 Kg8 57. f7+ Kg7 58.
f8=Q+ Kxf8 59. Kh6 Kg8 60. Nf6+ Kf8 61. g7+ Ke7 62.
g8=Q Kxf6 63. Qg6+ Ke5 64. Qc2 Kd4 65. Qxa4+ Ke3 66.
Qc2 Kd4 67. Kg7 Ke5 68. Kf8 Kd6 69. b4 Ke5 70. Qc4 Kf6 71. a4 Kg5 72. a5 Kh6 73.
a6 Kg5 74. a7 Kh6 75. Qg4 Kh7 76. Qg7# 1-0

[Event "Early-Titled-Tuesday-Blitz-January-23-2024"]
[Site "Chess.com"]
[Date "2024.01.23"]
[Round "4"]
[White "Lady_Nika"]
[Black "ContrVersia"]
[Result "0-1"]
[WhiteElo "2564"]
[BlackElo "2844"]
[TimeControl "180+1"]
[EndTime "8:39:44 PST"]
[Termination "ContrVersia won by resignation"]

1. e4 d6 2. d4 Nf6 3. f3 g6 4. c4 Bg7 5. Nc3 O-O 6. Be3 a6 7. Qd2 c6 8. Bd3 b5 9. cxb5 axb5 10. Nge2 Nbd7 11. O-O e5 12. a3 Bb7 13. b4 exd4 14.
Nxd4 Ne5 15. Be2 Re8 16. Rfd1 d5 17. exd5 Nxd5 18. Nxd5 Qxd5 19. Qa2 Nxf3+ 20. Bxf3 Qxa2 21. Rxa2 Rxe3 22. Nxc6 Rxf3 23. Ne7+ Kf8 24. gxf3 Kxe7 25. Re2+ Kf8 26. Re3 Bh6 27. Rc3 Bf4 28. Rd7 Rb8 29. Kg2 Ke8 30. Rd4 Bg5 31. Rd1 Bc8 32. Rc5 Be7 33.
Re5 Be6 34. Re3 Rc8 35. Kg3 Kf8 36. h4 Rc4 37. Re4 Rc3 38. Re5 Rxa3 39. Rxb5 Rb3 40. Rb8+ Kg7 41. Rb7 Bxb4 42. Rc7 Rc3 43. Rxc3 Bxc3 44.
Kg2 h5 45. Rc1 Bf6 46. Rd1 Bxh4 47. f4 Bf6 48. Rb1 Bd5+ 49. Kf2 Bh4+ 50. Ke3 Be6 51. Rh1 Bf6 52. Ke4 Bf5+ 53. Kf3 Be7 54. Rh2 Be6 55. Kg3 f6 56. Kf3 Bd5+ 57. Kg3 Kf7 58. Rh3 Be6 59. Rh2 Bg4 60. Rh1 g5 61. fxg5 fxg5 62. Rf1+ Kg6 63. Re1 Bd6+ 64. Kg2 h4 65. Rd1 Bxd1 0-1

[Event "Early-Titled-Tuesday-Blitz-January-23-2024"]
[Site "Chess.com"]
[Date "2024.01.23"]
[Round "4"]
[White "FGHSMN"]
[Black "Sychev_Klementy"]
[Result "1/2-1/2"]
[WhiteElo "2990"]
[BlackElo "2776"]
[TimeControl "180+1"]
[EndTime "8:39:45 PST"]
[Termination "Game drawn - insufficient material"]

1. d4 Nf6 2. Bf4 c5 3. d5 a6 4. a4 d6 5. Nc3 e5 6. Bg5 Be7 7. Bxf6 Bxf6 8. e4 O-O 9. Be2 Qa5 10. Nf3 Qb4 11. Ra3 c4 12. Ra2 Nd7 13. Nd2 Nc5 14. O-O Bd7 15. Nxc4 Nxa4 16. Nxa4 Bxa4 17. Bd3 Bb5 18.
c3 Qc5 19. Na5 Qc7 20. Bxb5 axb5 21. Qa1 Bg5 22. Re1 f5 23. exf5 Rxf5 24. Nb3 Raf8 25.
Re2 Qb6 26. Ra8 Rxf2 27. Rxf8+ Rxf8+ 28. Kh1 Qc7 29. Re1 Qc4 30. Na5 Qh4 31. g3 Qh3 32.
Nxb7 h5 33. Qa7 Rf1+ 34. Rxf1 Qxf1+ 35. Qg1 Qd3 36. Qg2 Qd1+ 37. Qg1 Qxd5+ 38. Qg2 Qd1+ 39. Qg1 Qd3 40. Qg2 Be3 41. h4 Bc1 42. b4 e4 43. Qh3 Qd1+ 44. Kh2 Qe2+ 45. Kh1 Qf3+ 46. Kh2 Be3 47. Qe6+ Kh7 48. Qh3 Qe2+ 49. Qg2 Qd3 50. Qh3 Qc2+ 51. Qg2 Qd3 52. Qh3 Qd2+ 53. Qg2 Bh6 54.
Qxd2 Bxd2 55. Kg2 Bxc3 56. Nxd6 e3 57. Kf3 Bxb4 58. Nxb5 Bc5 59. Nc3 Kg6 60. Nd5 Kf5 61. Nf4 g6 62. Ng2 Ke5 63. Nxe3 Bxe3 64. Kxe3 Kf5 65.
Kf3 g5 66. hxg5 Kxg5 67. Kf2 Kg4 68. Kg2 h4 69. gxh4 Kxh4 1/2-1/2

[Event "Early-Titled-Tuesday-Blitz-January-23-2024"]
[Site "Chess.com"]
[Date "2024.01.23"]
[Round "4"]
[White "ElCoachRene"]
[Black "BashiqChess"]
[Result "0-1"]
[WhiteElo "1925"]
[BlackElo "2467"]
[TimeControl "180+1"]
[EndTime "8:39:45 PST"]
[Termination "BashiqChess won on time"]

1. Nf3 d5 2. d4 Nf6 3. Bf4 e6 4. e3 Bd6 5. Bg3 O-O 6. Nbd2 c5 7. c3 Qc7 8. Ne5 Nbd7 9. f4 Ne4 10. Bd3 f5 11. Ndf3 Nxe5 12. Nxe5 Bxe5 13. fxe5 Qf7 14. Bh4 Bd7 15. O-O Qg6 16. Be2 Qh6 17. Be7 Qxe3+ 18. Kh1 Rf7 19. Bh4 Qh6 20. Be1 g5 21. Bd3 g4 22.
Bxe4 dxe4 23. Bg3 cxd4 24. Bf4 Qg7 25. cxd4 Bc6 26. Rc1 Rd7 27. Qd2 Rad8 28. Be3 Qxe5 29. Qf2 Qg7 30. Rfd1 Qg6 31. Qf4 h5 32. g3 Kh7 33. Kg1 Qf6 34. b4 e5 35. Qf2 exd4 36. Rxd4 Rxd4 37. Bxd4 Qxd4 38. b5 Qxf2+ 39. Kxf2 Bxb5 40.
Rc7+ Rd7 41. Rc5 Bc6 42. Rxf5 Kg6 43. Rf8 Rd2+ 44. Ke3 Rxh2 45. Rg8+ Kf7 46. Rh8 Rxa2 47. Rh7+ Kg6 48. Rh8 Ra3+ 49. Kd4 Rxg3 50. Rg8+ Kf5 51. Rf8+ Kg5 52. Rg8+ Kh4 53. Ra8 Rd3+ 54. Ke5 e3 55.
Rxa7 e2 56. Ra1 Re3+ 57. Kf4 e1=Q 0-1

[Event "Early-Titled-Tuesday-Blitz-January-23-2024"]
[Site "Chess.com"]
[Date "2024.01.23"]
[Round "4"]
[White "GMWSO"]
[Black "lucliasco"]
[Result "1-0"]
[WhiteElo "3093"]
[BlackElo "2889"]
[TimeControl "180+1"]
[EndTime "8:39:46 PST"]
[Termination "GMWSO won on time"]

1. d4 d5 2. c4 Nc6 3. Nf3 Bg4 4. Nc3 e6 5. Bf4 Nf6 6. e3 Bb4 7. Rc1 O-O 8. Bg5 h6 9. Bh4 g5 10. Bg3 Ne4 11. Be2 Nxg3 12. hxg3 Kg7 13. O-O Bxf3 14.
Bxf3 Ne7 15. Qb3 Bxc3 16. bxc3 Rb8 17. cxd5 exd5 18. c4 c6 19. cxd5 cxd5 20. g4 Qd6 21. a4 b6 22. Rc3 Rfc8 23. Rfc1 Rxc3 24. Rxc3 Rb7 25. g3 Rd7 26. Kg2 Rb7 27. Qb5 Qd7 28. Be2 Qxb5 29. axb5 Kf6 30. f4 Ke6 31. Rc1 Kd6 32.
Bd3 Rb8 33. Rh1 Ng8 34. Bh7 gxf4 35. exf4 Ke7 36. Ra1 Nf6 37. Rxa7+ Kf8 38. Bf5 Re8 39. Rb7 Re2+ 40. Kf3 Rb2 41. Rxb6 Kg7 42. g5 Rb3+ 43. Kg2 hxg5 44. fxg5 Ne4 45. Bxe4 dxe4 46. g6 fxg6 47. Re6 Rxb5 48. Rxe4 Rb3 49. Kh3 Kf6 50. Kg4 Rd3 51.
Kf4 Rd1 52. Ke3 g5 53. Ke2 Rg1 54. Re3 Ra1 55. Kd3 Kf5 56. Kc4 Ra4+ 57. Kc5 Ra5+ 58. Kc6 Ra6+ 59. Kb5 Ra1 60. d5 Rd1 61. Kc6 Rc1+ 62.
Kb6 Rb1+ 63. Kc6 Rc1+ 64. Kd7 Rd1 65. d6 Rd2 66. Ke7 1-0

[Event "Early-Titled-Tuesday-Blitz-January-23-2024"]
[Site "Chess.com"]
[Date "2024.01.23"]
[Round "4"]
[White "ChessQueen"]
[Black "rasmussvane"]
[Result "0-1"]
[WhiteElo "2731"]
[BlackElo "2995"]
[TimeControl "180+1"]
[EndTime "8:39:49 PST"]
[Termination "rasmussvane won by resignation"]

1. d4 d5 2. Nf3 e6 3. c4 a6 4. Nc3 dxc4 5. g3 b5 6. Bg2 Bb7 7. O-O Nf6 8. a4 b4 9. Nb1 Nbd7 10. Nbd2 c3 11. bxc3 bxc3 12. Nc4 Bd5 13. Qd3 Bb4 14.
Bg5 O-O 15. Nfe5 Bxg2 16. Kxg2 Nxe5 17. Nxe5 Qd5+ 18. f3 Nd7 19. Nxd7 Qxd7 20. Qc4 a5 21. e4 Rfc8 22. Rfd1 h6 23. Be3 Qe7 24. Rd3 c5 25. d5 exd5 26. Rxd5 Kh7 27. Rc1 Qe8 28. Qb3 c4 29. Qc2 Rd8 30. Rcd1 Rxd5 31. Rxd5 Rd8 32.
e5+ Kg8 33. Rd4 Rd7 34. Rxc4 Qd8 35. e6 fxe6 36. Qe4 Rd6 37. Bd4 Qd7 38. Be5 Rd2+ 39.
Kh3 Qd3 40. Qa8+ Kf7 41. Rf4+ Kg6 42. Qe8+ Kh7 43. Qf7 Qg6 44. Qxg6+ Kxg6 45. Rc4 c2 46. Bf4 Re2 47. Rc6 Kf7 48. Rc7+ Kf6 49. Rc6 g5 50. Bc1 Ke7 51. f4 Kd7 52. Rc4 gxf4 53.
Bxf4 h5 54. Bg5 e5 55. Bh6 Kd6 56. Rc8 Kd5 57. Bg5 e4 58. Rd8+ Kc4 59. Rc8+ Kb3 60. g4 hxg4+ 61. Kxg4 Rxh2 62. Kf5 Rg2 63. Be3 Kxa4 64.
Kxe4 Kb3 65. Kd3 a4 66. Bc1 Rg1 67. Be3 Rd1+ 68. Ke2 a3 69. Rb8 Re1+ 70. Kd3 Rxe3+ 71. Kxe3 c1=Q+ 0-1

[Event "Early-Titled-Tuesday-Blitz-January-23-2024"]
[Site "Chess.com"]
[Date "2024.01.23"]
[Round "4"]
[White "C_K_G"]
[Black "LaPiToB"]
[Result "1-0"]
[WhiteElo "2105"]
[BlackElo "2297"]
[TimeControl "180+1"]
[EndTime "8:39:50 PST"]
[Termination "C_K_G won by resignation"]

1. e4 c6 2. Nf3 d5 3. Nc3 dxe4 4. Nxe4 Nf6 5. Ng3 h5 6. h3 h4 7. Ne2 c5 8. d3 Nc6 9. Bg5 Qb6 10. Rb1 Qa5+ 11. Nc3 Nd4 12. Be2 Nxf3+ 13. Bxf3 e6 14. O-O Be7 15. Re1 c4 16. Qd2 cxd3 17. cxd3 a6 18. a3 Qd8 19. Qe3 Nd5 20. Nxd5 Bxg5 21.
Qc5 Be7 22. Qc3 exd5 23. Qxg7 Rf8 24. Re2 Be6 25. Bg4 Qd7 26. Rbe1 Bxg4 27. Rxe7+ Qxe7 28. Rxe7+ Kxe7 29. Qxg4 Rac8 30. Qxh4+ Kd6 31. Qf4+ Kc5 32. b3 Kb6 33. Qd4+ Kc6 34. Qf6+ Kc5 35. d4+ Kb5 36. a4+ Kb4 37. Qb6+ Kc3 38. Qxb7 Kxd4 39. Qxa6 Rc1+ 40. Kh2 Rfc8 41. Qf6+ Kd3 42. Qf5+ Ke2 43.
Qxd5 Kxf2 44. Qxf7+ Ke2 45. Qf3+ Kd2 46. b4 R8c3 47.
Qf4+ Kc2 48. b5 Kb2 49. b6 Rb3 50. a5 Ra1 51. Qe5+ Ka2 52. Qd5 Ka3 53. b7 Rbb1 54.
Qd6+ Ka4 55. Qd4+ Kxa5 56. Qxa1+ Rxa1 57. b8=Q Ra4 58. Qg3 Rb4 59. h4 Kb5 60. h5 Ka4 61. Qh3 Rb3 62. Qxb3+ Kxb3 63. h6 Kc4 64. h7 Kd5 65.
h8=Q Ke6 66. Qf8 Kd5 67. g4 1-0

[Event "Early-Titled-Tuesday-Blitz-January-23-2024"]
[Site "Chess.com"]
[Date "2024.01.23"]
[Round "4"]
[White "LeRoidesChampions"]
[Black "SpeedofLight0"]
[Result "0-1"]
[WhiteElo "2622"]
[BlackElo "2903"]
[TimeControl "180+1"]
[EndTime "8:39:52 PST"]
[Termination "SpeedofLight0 won by checkmate"]

1. e4 e5 2. Nf3 Nc6 3. Bb5 a6 4. Ba4 Bc5 5. O-O Nge7 6. c3 Ba7 7. d4 Ng6 8. Bg5 f6 9. Be3 O-O 10. Nbd2 d6 11. Bb3+ Kh8 12. h3 Qe8 13. Rc1 Nd8 14. Re1 Ne6 15. Bxe6 Bxe6 16. d5 Bxe3 17. Rxe3 Bd7 18. c4 f5 19. exf5 Bxf5 20. c5 Nf4 21. cxd6 cxd6 22. Nh4 Bd7 23. Ne4 Qe7 24. Nf3 Bf5 25.
Ng3 Bg6 26. Rec3 e4 27. Nh2 Nd3 28. R1c2 Qe5 29. Ng4 Qxd5 30. Ne3 Qe5 31. Qg4 d5 32. Rc7 Nxf2 33. Qd7 Nd3 34. Ng4 Qd4+ 35. Kh2 Rad8 36. Qe7 Rfe8 37. Qg5 Ne5 38. Ne3 Nf7 39. Qh4 Qxe3 40.
Rxb7 Qg5 41. Qxg5 Nxg5 42. h4 Ne6 43. h5 e3 44. hxg6 hxg6 45. Ne2 d4 46. Rc4 d3 47.
Rh4+ Kg8 48. Nf4 Nxf4 49. Rxf4 Rf8 50. Re4 Rf7 51. Rb6 d2 52. Rxg6 d1=Q 53. Rh4 Qd6+ 54.
Rxd6 Rxd6 55. Re4 Rd3 56. b4 Rf2 57. a4 e2 58. b5 axb5 59. axb5 Rd1 60. b6 e1=Q 61.
Rxe1 Rxe1 62. b7 Rb2 63. b8=Q+ Rxb8 64. g4 Rb2+ 65. Kh3 g5 66. Kg3 Re3# 0-1

[Event "Early-Titled-Tuesday-Blitz-January-23-2024"]
[Site "Chess.com"]
[Date "2024.01.23"]
[Round "4"]
[White "monomita"]
[Black "FREDERICKtheMATE"]
[Result "1-0"]
[WhiteElo "2832"]
[BlackElo "2563"]
[TimeControl "180+1"]
[EndTime "8:39:57 PST"]
[Termination "monomita won on time"]

1. Nf3 c5 2. e4 Nc6 3. c3 Nf6 4. e5 Nd5 5. Bc4 Nb6 6. Bb3 d5 7.
exd6 Qxd6 8. O-O Be6 9. Bxe6 Qxe6 10. d4 cxd4 11. Na3 Qd7 12. cxd4 e6 13. Nb5 Nd5 14. Nc3 Be7 15. Re1 O-O 16. Bg5 Bxg5 17. Nxg5 h6 18. Nge4 Rfd8 19. Nc5 Qe7 20. Rc1 Rac8 21.
Nxd5 Rxd5 22. Qb3 Rxd4 23. Qxb7 Qxb7 24. Nxb7 Ne7 25. Na5 Rxc1 26. Rxc1 Ra4 27. Nc4 Rxa2 28. g3 Nd5 29. h4 Ra4 30. Ne5 Ne7 31. Rc7 Nd5 32.
Rc8+ Kh7 33. Nxf7 Kg6 34. Ne5+ Kf5 35. Nc6 Ke4 36. Rg8 Ra6 37. Rc8 Ra1+ 38. Kg2 a6 39. Rg8 Rc1 40. Nd8 Rc8 41. Rf8 e5 42. Ne6 Rxf8 43. Nxf8 Nc7 44. Nd7 a5 45. h5 Kd4 46. Kf3 a4 47. Kg4 Nd5 48. Kf5 e4 49. Kg6 Nb4 50. Kxg7 Nd3 51. Nb6 Nxb2 52. Nxa4 Nxa4 53.
Kxh6 Nc5 54. Kg6 Ne6 55. h6 Ke5 56. h7 Nf8+ 57. Kg7 Nxh7 58. Kxh7 Kf5 59. Kg7 Kg4 60. Kf6 1-0

[Event "Early-Titled-Tuesday-Blitz-January-23-2024"]
[Site "Chess.com"]
[Date "2024.01.23"]
[Round "4"]
[White "GMAkobianSTL"]
[Black "FM_VS99"]
[Result "1-0"]
[WhiteElo "2757"]
[BlackElo "2537"]
[TimeControl "180+1"]
[EndTime "8:39:57 PST"]
[Termination "GMAkobianSTL won by resignation"]

1. d4 Nf6 2. c4 c5 3. d5 b5 4. cxb5 a6 5. bxa6 g6 6. Nc3 Bg7 7. e4 O-O 8. e5 Ne8 9. a7 Rxa7 10.
Nf3 d6 11. exd6 exd6 12. Be2 Nc7 13. O-O Bb7 14. Bg5 Qd7 15. Bc4 Ba6 16. Qd3 Bxc4 17. Qxc4 Rb7 18. Rab1 Rb4 19. Qd3 h6 20. Bd2 Re8 21.
b3 Nb5 22. Nxb5 Qxb5 23. Qxb5 Rxb5 24. Rfe1 Rxe1+ 25. Rxe1 Nd7 26. Re8+ Kh7 27. Rd8 Rb7 28. Bf4 Bf6 29. Rc8 Be7 30. g3 Nb6 31. Rc6 Nxd5 32. Bxd6 Nb4 33. Rc7 Rxc7 34. Bxc7 Nxa2 35. Ne5 Nc1 36. Nxf7 Nxb3 37. Ne5 Nd2 38. Ba5 Ne4 39.
f3 Nd6 40. Kf2 h5 41. Ke2 Nf5 42. Kd3 Bd6 43. Nc4 Be7 44. Bc3 Kg8 45. Ke4 Kh7 46. Kd5 Bf8 47. Be1 g5 48. Bf2 g4 49. fxg4 hxg4 50. Bxc5 Bg7 51. Ke4 Nh6 52. Be3 Nf7 53.
Kf5 Bh6 54. Bxh6 Kxh6 55. Kxg4 Kg6 56. Kf4 Kh5 57. Ne5 Nh8 58. h4 Kh6 59. g4 Kg7 60. h5 Kf6 61. g5+ Kg7 62. Kf5 Kh7 63. Kf6 Kg8 64.
g6 Kf8 65. g7+ Kg8 66. gxh8=Q+ Kxh8 67. Kg6 1-0

[Event "Early-Titled-Tuesday-Blitz-January-23-2024"]
[Site "Chess.com"]
[Date "2024.01.23"]
[Round "4"]
[White "LeoWin2012"]
[Black "Kopytkin"]
[Result "0-1"]
[WhiteElo "2198"]
[BlackElo "2394"]
[TimeControl "180+1"]
[EndTime "8:39:58 PST"]
[Termination "Kopytkin won on time"]

1. e4 c6 2. d4 d5 3. exd5 cxd5 4. Bd3 Nc6 5. c3 e5 6. dxe5 Nxe5 7. Qe2 Qe7 8. Bb5+ Nc6 9. Qxe7+ Bxe7 10. Nf3 Nf6 11. Be3 O-O 12. O-O Bg4 13. Nbd2 a6 14. Bd3 Rfe8 15.
Nd4 Ne5 16. Bf5 Bh5 17. h3 Bg6 18. Bxg6 hxg6 19. N2f3 Nc4 20. Bc1 Ne4 21. b3 Ncd6 22. Bb2 Rac8 23. Rac1 Bf6 24. Rfd1 Re7 25. Ne2 Nb5 26.
Rxd5 Nexc3 27. Nxc3 Bxc3 28. Bxc3 Nxc3 29. Kf1 Rec7 30.
Rd2 f6 31. Rdc2 Nd5 32. Rxc7 Rxc7 33. Rxc7 Nxc7 34. Nd4 Kf7 35. Ke2 Ke7 36. g3 Nd5 37.
a3 Kd6 38. Kd3 Ne7 39. Ne2 g5 40. Nc3 Ke5 41. Ne2 Nc6 42. b4 b5 43. Ke3 Kd5 44. Kd3 Ne5+ 45. Kc3 Nf3 46. Kd3 g6 47. Ke3 Ne1 48. Kd2 Nf3+ 49. Ke3 Ne5 50. f4 Nc4+ 51. Kd3 Nxa3 52. fxg5 fxg5 53. h4 gxh4 54. gxh4 Ke5 55. Nc3 Nc4 56. Ne4 Nb2+ 57. Ke3 Nc4+ 58. Kd3 Nb6 59.
Nc5 Nd5 60. Nxa6 Nf4+ 61. Ke3 Ne6 62. Nb8 Kd6 63. Na6 Kd5 64. Nb8 Kc4 65. Nc6 Nc7 66. Ke4 Na6 67. Ke5 Nxb4 0-1